 Dungeon Crawl Stone Soup version 0.30-a0-911-g314a488 (webtiles) character file.

Game seed: 2872011885107803432

22 Illumine the Shield-Bearer (level 3, 0/29 HPs)
             Began as a Formicid Fighter on Mar 18, 2023.
             Succumbed to a goblin's poison
             ... on level 1 of the Dungeon.
             The game lasted 00:00:58 (334 turns).

Illumine the Shield-Bearer (Formicid Fighter)        Turns: 334, Time: 00:00:58

Health: 0/29       AC:  6    Str: 22    XL:     3   Next: 7%
Magic:  3/3        EV:  6    Int:  7    God:
Gold:   13         SH: 13    Dex: 13    Spells: 2/2 levels left

rFire   . . .      SeeInvis +    a - +0 trident
rCold   . . .      Faith    .    i - +0 tower shield
rNeg    . . .      Spirit   .    b - +0 scale mail
rPois   .          Reflect  .    (helmet unavailable)
rElec   .          Rampage  .    (no cloak)
rCorr   .                        (no gloves)
Will    .....                    (no boots) Stlth
                                 (no amulet)
HPRegen 0.24/turn                (no ring)
MPRegen 0.08/turn                (no ring)

@: lethally poisoned (0 -> -1)
A: permanent stasis, dig shafts and tunnels, antennae 3, four strong arms
a: Dig, Shaft Self


You were on level 1 of the Dungeon.
You visited 1 branch of the dungeon, and saw 1 of its levels.

You collected 13 gold pieces.

Inventory:

Hand Weapons
 a - a +0 trident (weapon)
Armour
 b - a +0 scale mail (worn)
 i - a +0 tower shield (worn)
Potions
 d - a potion of might


   Skills:
 + Level 3.5 Fighting
 * Level 2.7 Polearms
 + Level 3.6 Armour
 + Level 4.0 Shields


You had 2 spell levels left.
You didn't know any spells.
Your spell library was empty.

Dungeon Overview and Level Annotations

Branches:
Dungeon (1/15)

Altars:


Innate Abilities, Weirdness & Mutations

You cannot be hasted, slowed, berserked, paralysed or teleported.
You can dig through walls and to a lower floor.
You have a pair of large antennae on your head. (SInv)
Your four strong arms can wield two-handed weapons with a shield.


Message History

Your experience leads to an increase in your attributes!
Increase (S)trength, (I)ntelligence, or (D)exterity?
You feel stronger. x2
Unknown command.
You hit the ball python.
The ball python is heavily wounded.
You feel very sick. The ball python bites you.
* * * LOW HITPOINT WARNING * * *
The ball python constricts you. You block the ball python's attack.
The ball python constricts you.
You puncture the ball python!
You kill the ball python!
* * * LOW HITPOINT WARNING * * *
You feel very sick.
Unknown command.
It was a potion of haste.
Your stasis prevents you from being hasted.
* * * LOW HITPOINT WARNING * * *
You feel sick.
As you read the scroll labelled FUXZINUERU, it crumbles to dust.
You hear a loud clanging noise!
It was a scroll of noise.
* * * LOW HITPOINT WARNING * * *
You feel sick.
As you read the scroll labelled QUOZAZAWKI, it crumbles to dust.
It is a scroll of identify.
You don't currently have any unidentified items.
* * * LOW HITPOINT WARNING * * *
You feel sick.
* * * LOW HITPOINT WARNING * * *
You feel sick.
Things that are here:
a +1 dagger of venom; a goblin corpse
* * * LOW HITPOINT WARNING * * *
You feel sick.
* * * LOW HITPOINT WARNING * * *
You feel sick.
A dart slug comes into view.
You die...

#...## . ## # #...#
#. #w### #...# #.
..... #...# #.
...... #...# #.
......########...#
. #.
.................##
..## #..######...#
...# ##@.## #...#
#... ##).# #...##
#.. ##.####....## #
{ #...##.....#####
###..#).......##
#####............
...........[.....>
#########.#######.
#..####...


You could see a dart slug.

Vanquished Creatures
  3 dart slugs (D:1)
  3 endoplasms (D:1)
  A giant cockroach (D:1)
  2 goblins (D:1)
  2 ball pythons (D:1)
  3 frilled lizards (D:1)
  A kobold (D:1)
  A rat (D:1)
16 creatures vanquished.

Notes
Turn   | Place    | Note
-------+----------+-------------------------------------------
     0 | D:1      | Illumine the Formicid Fighter began the quest for the Orb.
     0 | D:1      | Reached XP level 1. HP: 18/18 MP: 1/1
   119 | D:1      | Reached XP level 2. HP: 24/24 MP: 2/2
   326 | D:1      | Reached XP level 3. HP: 13/29 MP: 3/3
   332 | D:1      | HP: 1/29 [poisoned by a goblin]
   334 | D:1      | Succumbed to a goblin's poison

Illustrated notes

Levels and vault maps discovered:
D:1:      dpeg_arrival_concentric_ovals, layout_basic, minmay_3d_cube

Action                     || total
---------------------------++-------
  Melee: Trident           ||    45
    Use: Potion            ||     2
         Scroll            ||     2
 Armour: Scale mail        ||    17
  Dodge: Dodged            ||    10
  Block: Buckler           ||     6
         Tower shield      ||     8

Table legend: (Time is in decaauts)
 A = Elapsed time spent in this place.
 B = Non-inter-level travel time spent in this place.
 C = Inter-level travel time spent in this place.
 D = Time resting spent in this place.
 E = Time spent auto-exploring this place.
 F = Levels seen in this place.
 G = Mean time per level.
                   A        B        C        D        E       F      G
               +--------+--------+--------+--------+--------+-----+--------+
         Total |    345 |    345 |      0 |      0 |    216 |   1 |  345.0 |
       Dungeon |    345 |    345 |      0 |      0 |    216 |   1 |  345.0 |
               +--------+--------+--------+--------+--------+-----+--------+

Top non-repeatable levels by time:
     D:1: 345 daAuts
